 Dungeon Crawl Stone Soup version 0.18-b1-16-g289874d (webtiles) character file.

219 theY the Grave Robber (level 5, 0/39 HPs)
             Began as a Hill Orc Necromancer on May 1, 2016.
             Slain by a giant frog (2 damage)
             ... in a sewer.
             The game lasted 00:08:02 (3626 turns).

theY the Grave Robber (Hill Orc Necromancer)        Turns: 3626, Time: 00:08:03

Health: 0/39       AC:  2    Str: 11    XL:     5   Next: 96%
Magic:  2/9        EV: 18    Int: 16    God:
Gold:   78         SH:  0    Dex: 16    Spells: 4 memorised, 0 levels left

rFire  . . .     SeeInvis .     i - +0 spear
rCold  . . .     Gourm    .     a - +0 robe
rNeg   . . .     Faith    .     (no shield)
rPois  .         Spirit   .     (no helmet)
rElec  .         Dismiss  .     (no cloak)
rCorr  .         Reflect  .     (no gloves)
SustAt .         Harm     .     (no boots)
MR     .....                    (no amulet)
Stlth  +++.......               (no ring)
                                (no ring)

@: agile, not resistant to hostile enchantments, fairly stealthy
A: no striking features
a: no special abilities


You were in a sewer.
You were not hungry.

You visited 1 branch of the dungeon, and saw 4 of its levels.
You also visited: Sewer.

You collected 78 gold pieces.

Inventory:

Hand Weapons
 f - a +0 dagger
 i - a +0 spear (weapon)
Missiles
 e - 22 poisoned needles
Armour
 a - a +0 robe (worn)
Wands
 r - a wand of lightning (6/15)
Scrolls
 d - a scroll of enchant armour {unknown}
 h - a scroll of immolation {unknown}
 n - 2 scrolls of identify {unknown}
 o - a scroll of recharging {unknown}
 p - a scroll of magic mapping {unknown}
 s - 2 scrolls of teleportation {unknown}
 v - a scroll of amnesia {unknown}
Potions
 j - a potion of brilliance
 m - a potion of might {unknown}
 q - a potion of mutation {unknown}
 w - a potion of ambrosia {unknown}
Books
 b - a book of Necromancy

   Spells                             Type                      Level
   a - Pain                           Necromancy                   1
   b - Animate Skeleton               Necromancy                   1
   c - Vampiric Draining              Necromancy                   3
   d - Regeneration                   Charms/Necromancy            3
   e - Animate Dead                   Necromancy                   4
   f - Control Undead                 Necromancy                   4
Comestibles
 c - 3 bread rations
 g - 4 chunks of flesh


   Skills:
 + Level 0.8 Fighting
 + Level 0.4 Polearms
 + Level 2.6 Dodging
 + Level 1.8 Stealth
 + Level 2.9 Spellcasting
 + Level 5.2 Necromancy


You couldn't memorise any spells.
You knew the following spells:

 Your Spells              Type           Power        Failure   Level  Hunger
a - Pain                  Necr           ###.         2%          1    #......
b - Animate Skeleton      Necr           N/A          2%          1    #......
c - Animate Dead          Necr           N/A          28%         4    #####..
d - Vampiric Draining     Necr           ###.......   10%         3    ###....


Dungeon Overview and Level Annotations

Branches:
Dungeon (5/15)
 Temple: D:4-7

Altars:
Sif Muna

Annotations:
D:4 Natasha


Message History

The giant frog misses you. x2
Your giant newt skeleton bites the giant frog.
The giant frog misses you.
You hit the giant frog.
The giant frog is severely wounded.
The giant frog hits you.
* * * LOW HITPOINT WARNING * * *
The giant frog misses you. The giant frog completely misses you.
Drink which item? (? for menu, Esc to quit)
Okay, then.
You hit the giant frog.
The giant frog is almost dead.
The giant frog barely misses you. The giant frog closely misses you.
Your giant newt skeleton barely misses the giant frog.
The giant frog closely misses you. The giant frog hits you.
* * * LOW HITPOINT WARNING * * *
You hit the giant frog.
You kill the giant frog!
The giant frog hits you.
You die...

#..≈≈###≈≈≈###≈≈.#
#≈..##..≈≈.≈≈##≈≈##
##≈≈##≈≈≈≈.≈≈.≈##≈.##
#≈≈≈#≈≈≈≈≈≈.≈≈.≈≈≈≈≈#
#≈≈##≈≈.#######.≈≈≈≈#
#.≈#≈≈.##≈.≈≈≈###≈#######
≈.≈#≈.##≈.≈≈.≈≈≈###≈.≈≈≈#
≈≈##..#≈≈≈.≈≈.ZF†.#≈≈≈≈≈#
≈≈#≈≈##≈≈..≈.†##@.#≈≈.≈≈#
≈.#.≈#≈≈.!?.≈.≈#..#≈≈#≈≈#
.≈#≈≈#≈..$$≈≈≈≈#≈≈#.≈#≈≈#
≈≈#.≈#≈≈≈".≈≈≈≈#≈≈##.#≈≈#
≈≈#≈≈#≈≈...≈≈≈≈#≈≈.#≈#..#
≈≈#≈≈#≈≈≈≈≈≈≈≈≈#≈≈∩#≈#≈≈#
≈≈#≈≈##≈≈≈≈≈.≈##.≈.#≈#≈≈#
≈.##≈.# #≈.###≈#≈≈#
≈.≈#≈≈## ##≈≈#≈≈.#≈.#


You could see a giant frog and a friendly giant newt skeleton.

Vanquished Creatures
  A giant frog (Sewer)
  3 adders
  11 oozes
  A dart slug (D:1)
  11 giant geckos
  9 giant cockroaches
  5 goblins
  2 hobgoblins
  14 ball pythons
  3 bats
  11 giant newts
  2 kobolds
  4 rats (D:1)
77 creatures vanquished.

Vanquished Creatures (collateral kills)
  2 oozes (Sewer)
  A bat (D:1)
  A rat (D:1)
4 creatures vanquished.

Grand Total: 81 creatures vanquished

Notes
Turn   | Place    | Note
--------------------------------------------------------------
     0 | D:1      | theY the Hill Orc Necromancer began the quest for the Orb.
     0 | D:1      | Reached XP level 1. HP: 14/14 MP: 3/3
     9 | D:1      | Learned a level 1 spell: Animate Skeleton
   199 | D:1      | Reached XP level 2. HP: 17/20 MP: 2/4
   906 | D:2      | Found a deep blue altar of Sif Muna.
   955 | D:2      | Reached XP level 3. HP: 25/26 MP: 2/6
  1454 | D:2      | You fall through a shaft for 2 floors!
  1454 | D:4      | Noticed Natasha
  1461 | D:5      | Entered Level 5 of the Dungeon
  1476 | D:5      | Found a glowing drain.
  1484 | D:5      | HP: 1/26 [giant cockroach (1)]
  1485 | Sewer    | Entered a sewer
  1842 | Sewer    | Reached XP level 4. HP: 31/33 MP: 3/7
  1848 | Sewer    | Learned a level 4 spell: Animate Dead
  3028 | Sewer    | Reached skill level 5 in Necromancy
  3028 | Sewer    | Reached XP level 5. HP: 20/39 MP: 0/8
  3282 | Sewer    | Learned a level 3 spell: Vampiric Draining
  3615 | Sewer    | HP: 1/39 [giant frog (2)]
  3626 | Sewer    | Slain by a giant frog

Skill      XL: |  1  2  3  4 |
---------------+-------------+-----
Spellcasting   | 2 |  2.9
Dodging        | 2 |  2.6
Necromancy     | 5 |  5.2
Fighting       | |  0.8
Polearms       | |  0.4
Stealth        | |  1.8

Action                   |  1- 3 |  4- 6 || total
-------------------------+-------+-------++-------
Melee: Spear             |    12 |   116 ||   128
 Cast: Pain              |    53 |    52 ||   105
       Animate Skeleton  |     9 |    16 ||    25
       Animate Dead      |       |     1 ||     1
  Use: Potion            |     1 |     2 ||     3
 Stab: Sleeping          |       |     1 ||     1
  Eat: Chunk             |     2 |     2 ||     4
       Beef jerky        |     1 |       ||     1
       Meat ration       |       |     1 ||     1
Armor: Robe              |     6 |    32 ||    38
Dodge: Dodged            |    14 |   112 ||   126
